 Dungeon Crawl Stone Soup version 0.21-a0-634-gaf8bc5d (webtiles) character file.

983 shenanigans the Skirmisher (level 8, -1/96 HPs)
             Began as a Barachi Skald on Dec 29, 2017.
             Slain by a sky beast (6 damage)
             ... on level 5 of the Dungeon on Dec 30, 2017.
             The game lasted 00:16:24 (5499 turns).

shenanigans the Skirmisher (Barachi Skald)          Turns: 5499, Time: 00:16:24

Health: -1/96      AC: 24    Str: 13    XL:     8   Next: 17%
Magic:  11/11      EV:  2    Int: 15    God:
Gold:   258        SH:  4    Dex: 12    Spells: 10/11 levels left

rFire    . . .     SeeInvis .   a - +0 hand axe
rCold    . . .     Gourm    .   (no shield)
rNeg     + + +     Faith    .   (armour currently unavailable)
rPois    +         Spirit   .   (helmet currently unavailable)
rElec    .         Reflect  +   (cloak currently unavailable)
rCorr    .         Harm     .   (gloves currently unavailable)
MR       +....     NoTele   +   (boots currently unavailable)
Stlth    +.........             m - +4 amulet of reflection
HPRegen  0.26/turn              l - +6 ring of evasion
MPRegen  0.12/turn              (no ring)

@: tree-form, can't hop
A: +LOS, swims, repulsion field 1, magic resistance 1
a: no special abilities


You were on level 5 of the Dungeon.
You were very hungry.
You were a tree.
You visited 1 branch of the dungeon, and saw 5 of its levels.

You collected 258 gold pieces.

Inventory:

Hand Weapons
 a - a +0 hand axe (weapon)
 y - a +0 falchion of holy wrath
Missiles
 g - 3 tomahawks (quivered)
Armour
 b - a +0 leather armour
 s - a +0 ring mail
 u - a +3 ring mail (melded)
Jewellery
 l - a +6 ring of evasion (left branch)
 m - a +4 amulet of reflection (around neck)
 p - an uncursed ring of protection from magic
 w - an uncursed ring of resist corrosion
 B - an uncursed ring of see invisible
Wands
 v - a wand of scattershot (3)
 A - a wand of flame (36)
Scrolls
 e - 2 scrolls of fog {unknown}
 f - 5 scrolls of remove curse
 h - 3 scrolls of fear
 j - a scroll of enchant armour {unknown}
 k - 4 scrolls of teleportation
 n - a scroll of amnesia {unknown}
 o - a scroll of immolation {unknown}
 t - 2 scrolls of enchant weapon {unknown}
 x - a scroll of noise {unknown}
Potions
 i - a potion of brilliance
 q - a potion of lignification
 r - a potion of flight
 z - a potion of curing {unknown}
Books
 c - a book of Battle

   Spells                             Type                      Level
   a - Infusion                       Charms                       1
   b - Shroud of Golubria             Charms/Translocation         2
   c - Song of Slaying                Charms                       2
   d - Spectral Weapon                Hexes/Charms                 3
   e - Regeneration                   Charms/Necromancy            3
Comestibles
 d - 10 rations


   Skills:
 + Level 6.0 Fighting
 + Level 5.3 Axes
 + Level 5.5 Armour
 + Level 5.3 Dodging
 - Level 2.1 Spellcasting
 - Level 3.2 Charms


You had 10 spell levels left.
You knew the following spells:

 Your Spells              Type           Power        Failure   Level  Hunger
a - Infusion              Chrm           ##..         5%          1    #......


Dungeon Overview and Level Annotations

Branches:
Dungeon (5/15)
 Temple: D:4-7

Altars:
Fedhas
Uskayaw
Yredelemnul


Innate Abilities, Weirdness & Mutations

Shadows flee at your approach. (+LOS)
You can swim through water.
((You cover ground slowly.))
((You can hop short distances.))
You are surrounded by a mild repulsion field. (EV +2)
((Your flesh is cold resistant. (rC+)))
You are resistant to hostile enchantments. (MR+)


Message History

* * * LOW HITPOINT WARNING * * *
Something closely misses you.
You closely miss something. Something hits you.
* * * LOW HITPOINT WARNING * * *
Something shocks you.
* * * LOW HITPOINT WARNING * * *
Hop to where?
Press: ? - help, Dir - move target cursor Boing!
It was a potion of lignification.
You turn into a tree.
Your +3 ring mail melds into your body.
Your roots penetrate the ground.
You're wearing all the rings you can.
Remove which one? (? for menu, Esc to cancel) < or
l - a +6 ring of evasion > or
p - a ring of protection from magic You remove your ring of protection from magic.
Something hits you.
* * * LOW HITPOINT WARNING * * *
Something shocks you.
You die...

### #.......... ..# ###..........
..# ###............ ..#
########......<....... ..#
#.........#..######### ..#
##........##.## ## ..#
####.........##.#########. ..#
###............##.##....##..
.#####....##....♣{...............
.##.......##........#####....#..#
....##..#######...### #....#..#
#..#....#####...#..# #.......#
...............##..# #........##
.............#.##...# #.#Y...#.#
.......>...<.#. #.#.# #.#........
#.[............##.#(. # .....#.#.
##.................... ....###.#.


There were no monsters in sight!

Vanquished Creatures
  Grinder (D:3)
  A sky beast (D:5)
  A necrophage (D:5)
  2 ice beasts (D:5)
  2 jellies
  2 orc wizards (D:4)
  A bullfrog skeleton (D:4)
  2 iguanas
  Terence (D:3)
  A worker ant (D:4)
  A howler monkey skeleton (D:4)
  3 adders
  3 oozes
  An adder skeleton (D:4)
  A worm (D:3)
  2 dart slugs
  4 leopard geckos
  13 orcs
  12 bats
  2 giant cockroaches
  8 goblins
  7 hobgoblins
  4 jackals (D:2)
  A quokka (D:5)
  2 ball pythons
  A ball python skeleton (D:2)
  A ball python zombie (D:5)
  7 frilled lizards
  A jackal skeleton (D:5)
  6 kobolds
  2 quokka skeletons (D:4)
  2 rats (D:1)
98 creatures vanquished.

Vanquished Creatures (others)
  An orc priest (D:4)
1 creature vanquished.

Grand Total: 99 creatures vanquished

Notes
Turn   | Place    | Note
-------+----------+-------------------------------------------
     0 | D:1      | shenanigans the Barachi Skald began the quest for the Orb.
     0 | D:1      | Reached XP level 1. HP: 17/17 MP: 3/3
   160 | D:1      | Reached XP level 2. HP: 18/23 MP: 0/5
   724 | D:1      | Reached XP level 3. HP: 16/28 MP: 6/6
  1002 | D:1      | Reached skill level 3 in Fighting
  1917 | D:2      | Reached XP level 4. HP: 12/35 MP: 2/7
  2681 | D:3      | Found a blossoming altar of Fedhas.
  2682 | D:3      | Found a hide-covered altar of Uskayaw.
  2786 | D:3      | Found a basalt altar of Yredelemnul.
  3015 | D:3      | Reached XP level 5. HP: 42/42 MP: 0/8
  3064 | D:3      | Noticed Terence
  3086 | D:3      | Killed Terence
  3254 | D:3      | Noticed Grinder
  3257 | D:3      | Paralysed by Grinder for 3 turns
  3270 | D:3      | Gained mutation: Your flesh is cold resistant. (rC+) [potion of mutation]
  3270 | D:3      | Gained mutation: You are surrounded by a mild repulsion field. (EV +2) [potion of mutation]
  3270 | D:3      | Gained mutation: You are resistant to hostile enchantments. (MR+) [potion of mutation]
  3271 | D:3      | Killed Grinder
  3271 | D:3      | Reached skill level 4 in Fighting
  3271 | D:3      | Reached XP level 6. HP: 37/49 MP: 5/9
  3820 | D:4      | Reached XP level 7. HP: 43/55 MP: 10/10
  3914 | D:4      | Reached skill level 5 in Fighting
  4579 | D:5      | Entered Level 5 of the Dungeon
  5062 | D:5      | Reached skill level 5 in Armour
  5088 | D:5      | Reached skill level 5 in Axes
  5088 | D:5      | Reached skill level 5 in Dodging
  5292 | D:5      | Reached XP level 8. HP: 61/64 MP: 11/11
  5415 | D:5      | Reached skill level 6 in Fighting
  5499 | D:5      | Slain by a sky beast

Vault maps used:
D:1:      lordsloth_arrival_two_stooges
D:3:      grunt_temple_overflow_open, first_ration, uniq_terence, uniq_grinder

Skill      XL: |  1  2  3  4  5  6  7  8 |
---------------+-------------------------+-----
Armour         | 2 3 4 5 |  5.5
Fighting       | 3 4 5 6 |  6.0
Axes           | 3 4 5 |  5.3
Dodging        | 3 4 5 |  5.3
Spellcasting   | |  2.1
Charms         | |  3.2

Action                   |  1- 3 |  4- 6 |  7- 9 || total
-------------------------+-------+-------+-------++-------
Melee: Hand axe          |   162 |   204 |   243 ||   609
Throw: Tomahawk          |     2 |       |     6 ||     8
 Cast: Infusion          |     6 |     8 |     3 ||    17
 Abil: Hop               |     2 |       |     1 ||     3
Evoke: Wand              |       |     1 |       ||     1
  Use: Scroll            |     3 |     1 |     3 ||     7
       Potion            |       |     4 |     1 ||     5
  Eat: Chunk             |     3 |     7 |     3 ||    13
       Ration            |       |       |     1 ||     1
Armor: Leather armour    |    38 |     1 |       ||    39
       Ring mail         |       |    34 |    64 ||    98
Dodge: Dodged            |   125 |   204 |   158 ||   487
Block: Other             |     9 |    32 |    32 ||    73
       Reflection        |     1 |     5 |       ||     6

Table legend:
 A = Spawn XP
 B = Non-spawn XP
 C = Spawn XP percentage of total XP
 D = Spawn monster count
 E = Non-spawn monster count
 F = Spawn count percentage of total count
 G = Total turns spent on level
                    A         B        C        D         E        F      G
               +---------+---------+-------+---------+---------+-------+---------
         Total |       0 |    1405 |   0.0 |       0 |      99 |   0.0 |  5499
               +---------+---------+-------+---------+---------+-------+---------
           D:1 |       0 |      45 |   0.0 |       0 |      22 |   0.0 |  1731
           D:2 |       0 |      95 |   0.0 |       0 |      22 |   0.0 |  1042
           D:3 |       0 |     424 |   0.0 |       0 |      30 |   0.0 |   926
           D:4 |       0 |     276 |   0.0 |       0 |      17 |   0.0 |  1167
           D:5 |       0 |     565 |   0.0 |       0 |       8 |   0.0 |   633
               +---------+---------+-------+---------+---------+-------+---------
